Map: Frozen Temple

Players

hinO

  • Race: Zerg Zerg
  • League: Master
  • Spawn Location: 5:00

final

  • Race: Zerg Zerg
  • League: Diamond
  • Spawn Location: 11:00

Amix

  • Race: Zerg Zerg
  • League: Platinum

LastOttoman

  • Race: Zerg Zerg
  • League: Diamond

VOD

Have the link to the VOD?

Description

Time

  • Played on: Nov. 16, 2016, 2:20 p.m.
  • Length: 6:19
Show
View Real Time Build Order
Export as new Build Order

hinO Zerg 

Build Orders: Pool Only, Zergling Baneling 

Get SALT Encoding   

  12  0:02  Drone  
  13  0:22  Spawning Pool  
  13  0:26  Drone  
  13  0:30  Drone  
  13  0:34  Extractor  
  13  0:37  Drone  
  14  0:45  Overlord  
  14  1:09  Zergling x4  
  14  1:10  Zergling x2  
  17  1:12  Queen  
  19  1:20  Zergling x2  
  20  1:33  Zergling x2  
  20  1:34  Metabolic Boost  
  21  1:41  Zergling x2  
  22  1:56  Overlord  
  22  2:02  Baneling Nest  
  20  2:20  Zergling x4  
  22  2:36  Zergling x6  
  25  2:45  Zergling x2  
  25  2:46  Baneling  
  25  2:47  Baneling x4  
  25  2:48  Baneling  
  26  2:51  Overlord  
  22  3:17  Baneling x3  
  22  3:18  Zergling x6  
  25  3:23  Zergling x2  
  25  3:24  Baneling  
  26  3:33  Zergling x4  
  24  3:55  Zergling x6  
  24  3:57  Baneling x3  
  24  4:00  Zergling x2  
  24  4:02  Zergling x2  
  24  4:25  Zergling x6  
  26  4:36  Baneling  
  23  4:40  Zergling x2  
  23  4:41  Zergling x4  
  25  4:56  Baneling x2  
  25  5:01  Zergling x8  
  25  5:04  Baneling  
  26  5:20  Zergling x4  
  28  5:28  Baneling x2  
  26  5:29  Baneling x2  
  20  5:58  Zergling x6  
  20  5:59  Zergling x6  
Show
View Real Time Build Order
Export as new Build Order

final Zerg 

Build Orders: Pool First 

Get SALT Encoding   

  12  0:01  Drone  
  13  0:12  Overlord  
  13  0:18  Drone  
  14  0:31  Drone x2  
  14  0:34  Drone  
  17  0:47  Spawning Pool  
  16  0:51  Drone  
  17  1:14  Hatchery  
  17  1:15  Drone  
  17  1:22  Extractor  
  17  1:24  Drone  
  17  1:26  Drone  
  18  1:38  Queen  
  20  1:41  Zergling x2  
  20  1:44  Zergling x2  
  22  1:56  Spine Crawler  
  22  1:58  Zergling x2  
  21  2:20  Overlord  
  21  2:25  Queen  
  21  2:28  Queen  
  25  2:30  Drone x2  
  25  2:34  Baneling Nest  
  26  2:49  Zergling x6  
  26  2:50  Drone  
  30  3:03  Metabolic Boost  
  29  3:20  Queen  
  29  3:22  Drone x2  
  29  3:26  Spine Crawler  
  32  3:28  Evolution Chamber  
  31  3:38  Drone x3  
  31  3:39  Baneling  
  26  3:53  Zergling x2  
  26  3:54  Zergling x6  
  30  3:59  Drone x2  
  32  4:07  Evolution Chamber  
  29  4:16  Baneling x2, Spine Crawler  
  29  4:17  Baneling x3  
  28  4:26  Roach Warren  
  27  4:32  Queen  
  23  4:43  Evolution Chamber  
  22  4:48  Zergling x4  
  22  4:49  Zergling x4  
  26  5:01  Zergling x4  
  26  5:03  Queen  
  27  5:07  Roach  
  24  5:22  Zergling x2  
  24  5:23  Zergling x6  
  23  5:41  Roach x2  
Show
View Real Time Build Order
Export as new Build Order

Amix Zerg 

Build Orders:  

Get SALT Encoding   

Show
View Real Time Build Order
Export as new Build Order

LastOttoman Zerg 

Build Orders:  

Get SALT Encoding   

Tags
 
Add a new tag
Caveats
  • Supply blocks, unpowered buildings, or Contaminate may cause inaccurate times.
  • Supply counts are checked every 10 seconds.